 Dungeon Crawl Stone Soup version 0.31.0-9-g3a7656b989 (webtiles) character file.

Game seed: 17828499915960195834

74 qw the Shooter (level 4, 0/25 HPs)
             Began as a Deep Elf Hunter on Feb 2, 2024.
             Was an Initiate of Okawaru.
             Slain by an orc wizard
             ... wielding a +0 dagger
              (4 damage)
             ... on level 3 of the Dungeon.
             The game lasted 00:00:05 (1912 turns).

qw the Shooter (Deep Elf Hunter)                    Turns: 1912, Time: 00:00:06

Health: 0/25       AC:  8    Str:  9 (10) XL:     4   Next: 9%
Magic:  6/6        EV: 10    Int: 11 (14) God:    Okawaru [......]
Gold:   141        SH:  0    Dex: 17 (18) Spells: 3/3 levels left

rFire   . . .        a - +0 shortbow
rCold   . . .        (shield currently unavailable)
rNeg    . . .        o - +0 ring mail
rPois   .            m - +0 helmet
rElec   .            (no cloak)
rCorr   .            k - +0 pair of gloves
SInv    .            d - +0 pair of boots
Will    .....        (no amulet)
Stlth   +            (no ring)
HPRegen 0.24/turn    (no ring)
MPRegen 0.10/turn

%: no passive effects
@: no status effects
A: no striking features
a: Renounce Religion


You were on level 3 of the Dungeon.
You worshipped Okawaru.
Okawaru was noncommittal.
You visited 1 branch of the dungeon, and saw 3 of its levels.

You collected 141 gold pieces.


   Skills:
 - Level 1.5 Fighting
 + Level 7.5 Ranged Weapons
 - Level 2.4 Dodging
 - Level 1.2 Stealth


You had 3 spell levels left.
You didn't know any spells.
Your spell library was empty.

Inventory:

Hand Weapons
 a - a +0 shortbow (weapon)
Armour
 d - a +0 pair of boots (worn)
 k - a +0 pair of gloves (worn)
 m - a +0 helmet (worn)
 o - a +0 ring mail (worn)
Jewellery
 f - a ring of ice
Potions
 b - a potion of attraction {unknown}
 c - a potion of lignification {unknown}
 e - a potion of mutation {unknown}
 n - a potion of curing
 p - a potion of might

Dungeon Overview and Level Annotations

Branches:
Dungeon (3/15)

Altars:
Okawaru


Message History

The bat closely misses you.
The endoplasm hits you but does no damage.
Something hits you but does no damage.
You shoot an arrow. The arrow hits the bat!
You kill the bat!
Okawaru accepts your kill. Something hits you but does no damage.
The endoplasm freezes you.
You are frozen.
You shoot an arrow.
The arrow hits the endoplasm but does no damage.
Something hits you. The endoplasm freezes you.
You are frozen.
You shoot an arrow. The arrow hits the endoplasm.
The endoplasm is severely wounded.
Something hits you but does no damage. The endoplasm freezes you.
You are frozen.
Something hits you but does no damage. The endoplasm freezes you.
You are frozen.
You shoot an arrow. The arrow hits the endoplasm.
You kill the endoplasm!
Okawaru accepts your kill. Something hits you but does no damage.
You shoot an arrow. The arrow hits the hobgoblin.
The hobgoblin is severely wounded.
The hobgoblin barely misses you. Something hits you but does no damage.
You shoot an arrow. The arrow hits the hobgoblin.
You kill the hobgoblin!
Okawaru accepts your kill. Something hits you but does no damage.
You shoot an arrow. The arrow hits the orc!
You kill the orc!
Okawaru accepts your kill.
You hear some strange, mumbled words.
Something tries to affect you, but you resist.
You shoot an arrow. Something hits you.
You die...

# #
######## #
#+#
.......# #.
#..
.......# .#
#..
.......# .#
.. .......#
)#.
.......#
##'##)##+##
.......#
#...{@)...#
########
#.8.)8..8.#
#
#.........#
#
#####'#####
# #..# #
##.## #
#..# #
#####.##
### #.....#


There were no monsters in sight!

Vanquished Creatures
  2 adders (D:2)
  2 ribbon worms
  5 orcs (D:3)
  5 endoplasms
  A giant cockroach (D:3)
  3 goblins (D:2)
  2 hobgoblins
  2 jackals (D:1)
  2 quokkas
  2 ball pythons (D:1)
  4 bats
  3 frilled lizards (D:1)
  7 kobolds
  7 rats
47 creatures vanquished.

Notes
Turn   | Place    | Note
-------+----------+-------------------------------------------
     0 | D:1      | qw the Deep Elf Hunter began the quest for the Orb.
     0 | D:1      | Reached XP level 1. HP: 12/12 MP: 3/3
     0 | D:1      | 0 ||| qw: Version: 0.3-a-155-g5e7d8dd
     0 | D:1      | 0 ||| qw: Game counter: 1727
     0 | D:1      | 0 ||| qw: Melee chars always use a shield: true
     0 | D:1      | 0 ||| qw: God list: Okawaru
     0 | D:1      | 0 ||| qw: Allow faded altars: false
     0 | D:1      | 0 ||| qw: Do Orc after clearing Dungeon:15 true
     0 | D:1      | 0 ||| qw: Do second Lair branch before Depths: true
     0 | D:1      | 0 ||| qw: Lair rune preference: random
     0 | D:1      | 0 ||| qw: Goals: Normal
     0 | D:1      | 0 ||| PLANNING D:1-11
   192 | D:1      | Reached skill level 6 in Ranged Weapons
   192 | D:1      | Reached XP level 2. HP: 16/16 MP: 4/4
   985 | D:1      | 985 ||| UPGRADING to +0 pair of boots.
   990 | D:1      | 990 ||| UPGRADING to +0 pair of gloves.
   995 | D:1      | 995 ||| UPGRADING to +0 helmet.
  1000 | D:1      | 1000 ||| UPGRADING to +0 ring mail.
  1010 | D:1      | 1010 ||| DROPPING +0 leather armour.
  1011 | D:1      | 1011 ||| READING scroll labelled ASTYUJ RYEDUHU.
  1012 | D:1      | 1012 ||| READING scroll labelled PIUNKEIKOVAI.
  1017 | D:1      | 1017 ||| READING scroll labelled XOMITW LOVVOLUT.
  1018 | D:1      | 1018 ||| READING 3 scrolls labelled ECORUC IMI WYCIXE.
  1018 | D:1      | 1018 ||| IDENTIFYING silvery potion
  1019 | D:1      | 1019 ||| READING 2 scrolls of identify.
  1019 | D:1      | 1019 ||| IDENTIFYING golden potion
  1020 | D:1      | 1020 ||| READING scroll of identify.
  1020 | D:1      | 1020 ||| IDENTIFYING amethyst potion
  1021 | D:1      | 1021 ||| READING scroll labelled LIVIDD EDAUG.
  1022 | D:1      | 1022 ||| DROPPING scroll of butterflies.
  1023 | D:1      | 1023 ||| DROPPING potion of invisibility.
  1173 | D:2      | Reached XP level 3. HP: 20/20 MP: 5/5
  1559 | D:2      | Reached skill level 7 in Ranged Weapons
  1744 | D:2      | 1744 ||| DRINKING 2 purple potions.
  1745 | D:2      | 1745 ||| DRINKING 2 sapphire potions.
  1746 | D:2      | 1746 ||| DROPPING potion of degeneration.
  1786 | D:3      | Found an iron altar of Okawaru.
  1787 | D:3      | 1787 ||| PLANNING OKAWARU WORSHIP
  1794 | D:3      | Became a worshipper of Warmaster Okawaru
  1795 | D:3      | 1795 ||| PLANNING D:1-11
  1899 | D:3      | HP: 3/20 [frozen (5)]
  1900 | D:3      | Reached XP level 4. HP: 3/25 MP: 6/6
  1900 | D:3      | 1900 ||| DRINKING potion of heal wounds.
  1906 | D:3      | HP: 6/25 [frozen (1)]
  1912 | D:3      | Slain by an orc wizard

Levels and vault maps discovered:
D:1:      tarquinn_simple_flora_water_a, layout_basic, minmay_misc_feat_pillars
D:2:      layout_loops_ring
D:3:      minmay_chambers_of_threes, layout_basic, general_overflow_altar,
          mainiacjoe_overflow_tiny_flanked, nrook_campfire

Skill      XL: |  1  2  3 |
---------------+----------+-----
Ranged Weapons | 6 7 |  7.5
Fighting       | |  1.5
Dodging        | |  2.4
Stealth        | |  1.2

Action                     |  1- 3 |  4- 6 || total
---------------------------+-------+-------++-------
   Fire: Shortbow          |   120 |    12 ||   132
    Use: Scroll            |     7 |       ||     7
         Potion            |     2 |     1 ||     3
 Armour: Leather armour    |     4 |       ||     4
         Ring mail         |    41 |    21 ||    62
  Dodge: Dodged            |    41 |     8 ||    49

Table legend:
 A = Non-vault XP
 B = Vault XP
 C = Vault XP percentage of total XP
 D = Non-vault monster count
 E = Vault monster count
 F = Vault count percentage of total count
                 A         B        C        D         E       F
            +---------+---------+-------+---------+---------+-------
      Total |      95 |      11 |  10.4 |      41 |       6 |  12.8
            +---------+---------+-------+---------+---------+-------
        D:1 |      25 |       0 |   0.0 |      17 |       0 |   0.0
        D:2 |      46 |       0 |   0.0 |      14 |       0 |   0.0
        D:3 |      24 |      11 |  31.4 |      10 |       6 |  37.5
            +---------+---------+-------+---------+---------+-------
